 Dungeon Crawl Stone Soup version 0.29-a0-356-g7bc237e783 (webtiles) character file.

Game seed: 16751960035344623898

631 NinjaNoafa the Covered (level 7, -5/44 HPs)
             Began as a Gargoyle Fighter on Apr 26, 2022.
             Slain by an orc warrior
             ... wielding a +0 flail
              (7 damage)
             ... on level 5 of the Dungeon.
             The game lasted 00:09:12 (4727 turns).

NinjaNoafa the Covered (Gargoyle Fighter)           Turns: 4727, Time: 00:09:13

Health: -5/44      AC: 14    Str: 18 (21) XL:     7   Next: 48%
Magic:  7/7        EV:  8    Int:  7 (9)  God:
Gold:   171        SH:  9    Dex:  6 (9)  Spells: 6/6 levels left

rFire   . . .      SeeInvis .   a - +2 flail (freeze)
rCold   + . .      Faith    .   j - +1 kite shield
rNeg    + . .      Spirit   .   b - +0 scale mail
rPois   ∞          Reflect  .   n - +2 hat
rElec   +          Harm     .   (no cloak)
rCorr   .          Rampage  .   (no gloves)
Will    +....                   (no boots)
Stlth   ..........              (no amulet)
HPRegen 0.14/turn               e - ring of flight
MPRegen 0.10/turn               l - ring of protection from cold

@: flying, unable to read
A: sickness immunity, AC +4, negative energy resistance 1, electricity
resistance, torment resistance 1, petrification resistance, strong-willed 1,
evolution 1, inability to read while threatened
a: no special abilities


You were on level 5 of the Dungeon.
You visited 1 branch of the dungeon, and saw 5 of its levels.

You collected 199 gold pieces.
You spent 28 gold pieces at shops.

Inventory:

Hand Weapons
 a - a +2 flail of freezing (weapon)
 k - a +0 mace of draining
Missiles
 g - 9 poisoned darts (quivered)
 i - 130 stones
Armour
 b - a +0 scale mail (worn)
 c - a +0 buckler
 j - a +1 kite shield (worn)
 n - a +2 hat (worn)
Jewellery
 e - a ring of flight (left hand)
 l - a ring of protection from cold (right hand)
Wands
 p - a wand of iceblast (4)
Scrolls
 h - a scroll of immolation
 q - a scroll of vulnerability
Potions
 f - 2 potions of curing
 m - 2 potions of brilliance
 o - a potion of haste


   Skills:
 + Level 5.1 Fighting
 + Level 4.0 Maces & Flails
 + Level 5.2 Armour
 + Level 5.1 Shields
 + Level 2.3 Evocations


You had 6 spell levels left.
You didn't know any spells.
Your spell library contained the following spells:

 Spells                   Type           Power      Damage    Failure   Level
 Irradiate                Conj/Tmut      0%         3d13      100%        5
 Iron Shot                Conj/Erth      0%         9d1       100%        6
 Chain Lightning          Conj/Air       0%         N/A       100%        9


Dungeon Overview and Level Annotations

Branches:
Dungeon (5/15)
 Temple: D:4-7

Altars:
Qazlal
Uskayaw
Vehumet

Shops:
D:4 ?

Annotations:
D:5 Edmund


Innate Abilities, Weirdness & Mutations

You are immune to sickness and miasma.
Your stone body is resilient. (AC +4)
You are immune to poison.
You resist negative energy. (rN+)
You are resistant to electric shocks. (rElec)
You are resistant to unholy torment.
You are immune to petrification.
You are strong-willed. (Will+)
You have hidden genetic potential.
You sometimes lose the ability to read scrolls when taking damage.


Message History

The orc warrior hits you with a +0 flail.
As you read the scroll of identify, it crumbles to dust.
q - a scroll of vulnerability Edmund hits you but does no damage.
The orc hits you with a +0 dagger. You block the orc's attack.
The orc warrior closely misses you.
Okay, then.
Okay, then.
You don't know any spells.
Okay, then.
Okay, then.
You hit the orc warrior but do no damage.
The orc warrior is lightly wounded.
Edmund hits you but does no damage. The orc hits you but does no damage.
The orc warrior hits you with a +0 flail!
You feel threatened and lose the ability to read scrolls!
The orc hits you with a +0 mace.
Edmund hits you with a +0 flail of protection.
You block the orc's attack. You block the orc warrior's attack.
The orc hits you but does no damage.
Okay, then.
Aiming: Iceblast
Press: ? - help, Shift-Dir - straight line, f - orc warrior
Aim: an orc warrior, wielding a +0 flail, wearing a +0 chain mail and quivering boomerangs (lightly wounded) That beam is likely to hit you.
Continue anyway?
The mass of ice explodes!
The iceblast engulfs the orc warrior!
The orc warrior is severely wounded.
The iceblast engulfs you! You partially resist.
* * * LOW HITPOINT WARNING * * *
The iceblast engulfs the orc!
You kill the orc!
The iceblast engulfs Edmund.
Edmund partially resists.
Edmund is moderately wounded.
The iceblast engulfs the orc!!
You kill the orc!
The orc warrior hits you with a +0 flail!
* * * LOW HITPOINT WARNING * * *
Edmund hits you but does no damage. Edmund attacks as you move away!
Edmund hits you but does no damage.
The orc warrior hits you with a +0 flail!
You die...

# # .# #.#.. #.##
####.#.# #.... #......#
#$...
#......#####..##..
#......##.)....(.#
######....#...)@#######
#....<........o@#
#.........####o####..
#..................@..
#................##..c
#....................
#........#.......#...
####.###.#........o...
#.. #..............


You could see Edmund (resistant), an orc warrior and an orc.

Vanquished Creatures
  A black bear (D:4)
  A centaur (D:4)
  The ghost of pigah the Gusty, an amateur OpAE (D:3)
  A bullfrog (D:4)
  A necrophage (D:4)
  A scorpion (D:4)
  A jelly (D:3)
  An iguana (D:4)
  An orc wizard (D:4)
  An adder (D:3)
  An ufetubus (D:4)
  4 worms
  4 dart slugs
  5 orcs
  9 endoplasms
  4 giant cockroaches
  11 goblins
  5 hobgoblins
  3 jackals (D:2)
  6 kobolds
  5 quokkas
  3 ball pythons
  5 bats
  A frilled lizard (D:3)
  21 rats
97 creatures vanquished.

Notes
Turn   | Place    | Note
-------+----------+-------------------------------------------
     0 | D:1      | NinjaNoafa the Gargoyle Fighter began the quest for the
                  | Orb.
     0 | D:1      | Reached XP level 1. HP: 14/14 MP: 1/1
   419 | D:1      | Reached XP level 2. HP: 19/19 MP: 2/2
  1054 | D:2      | Reached XP level 3. HP: 23/23 MP: 3/3
  1498 | D:2      | Found a hide-covered altar of Uskayaw.
  2058 | D:2      | Reached XP level 4. HP: 18/29 MP: 4/4
  2563 | D:3      | Found a radiant altar of Vehumet.
  2990 | D:3      | Got Vehumet's Collected Works on Arcane Weapons and Flight
  3080 | D:3      | Found a stormy altar of Qazlal.
  3178 | D:3      | Found a runed translucent door.
  3179 | D:3      | Noticed pigah's ghost (amateur OpAE)
  3375 | D:3      | Reached XP level 5. HP: 28/33 MP: 5/5
  3385 | D:3      | Killed pigah's ghost
  3512 | D:4      | Noticed an orc warrior
  3533 | D:4      | Noticed a centaur
  3539 | D:4      | Noticed a black bear
  3579 | D:4      | Killed a centaur
  3580 | D:4      | Reached skill level 1 in Evocations
  3580 | D:4      | Reached XP level 6. HP: 9/39 MP: 6/6
  3585 | D:4      | Killed a black bear
  3962 | D:4      | Reached skill level 5 in Armour
  3962 | D:4      | Reached skill level 5 in Shields
  3962 | D:4      | Reached XP level 7. HP: 44/44 MP: 7/7
  4079 | D:4      | Gained mutation: You sometimes lose the ability to read
                  | scrolls when taking damage. [potion of mutation]
  4079 | D:4      | Gained mutation: You have hidden genetic potential. [potion
                  | of mutation]
  4079 | D:4      | Gained mutation: You are strong-willed. (Will+) [potion of
                  | mutation]
  4150 | D:4      | Reached skill level 5 in Fighting
  4641 | D:4      | Found Cifail's Magic Scroll Emporium.
  4649 | D:4      | Bought a scroll of identify for 28 gold pieces
  4700 | D:5      | Entered Level 5 of the Dungeon
  4709 | D:5      | Noticed Edmund
  4726 | D:5      | HP: 2/44 [orc warrior/+0 flail (8)]
  4727 | D:5      | Slain by an orc warrior

Illustrated notes

Levels and vault maps discovered:
D:1:      tarquinn_simple_flora_water_b, layout_basic, columned_hall_lemuel,
          nicolae_figureground_sparkle
D:2:      layout_loops_corners, basic_altar, minmay_rat_hole
D:3:      cheibrodos_old_hovel, layout_loops_ring,
          nicolae_overflow_crystal_walls, mainiacjoe_overflow_chevrons,
          ebering_ghost_sewer_d, minmay_unequal
D:4:      layout_rooms, serial_shops, nicolae_diamond_shop,
          minmay_increasing_density
D:5:      layout_rooms, kennysheep_little_box, mainiacjoe_overflow_24_doors,
          ashenzari_conservatory_becter, gammafunk_temple_overflow_statue,
          lemuel_temple_firewalk_b, uniq_edmund, uniq_menkaure

Skill      XL: |  1  2  3  4  5  6  7 |
---------------+----------------------+-----
Fighting       | 4 5 |  5.1
Armour         | 4 5 |  5.2
Shields        | 4 5 |  5.1
Maces & Flails | 3 4 |  4.0
Evocations     | 1 2 |  2.3

Action                   |  1- 3 |  4- 6 |  7- 9 || total
-------------------------+-------+-------+-------++-------
Melee: Flail             |   150 |   115 |    46 ||   311
Throw: Dart              |       |     2 |       ||     2
Evoke: Wand              |       |       |     1 ||     1
  Use: Scroll            |     5 |     4 |     2 ||    11
       Potion            |     2 |     4 |     3 ||     9
Armor: Scale mail        |   101 |    98 |    58 ||   257
Dodge: Dodged            |    85 |    61 |    35 ||   181
Block: Buckler           |    40 |       |       ||    40
       Kite shield       |    11 |    66 |    56 ||   133

Table legend: (Time is in decaauts)
 A = Elapsed time spent in this place.
 B = Non-inter-level travel time spent in this place.
 C = Inter-level travel time spent in this place.
 D = Time resting spent in this place.
 E = Time spent auto-exploring this place.
 F = Levels seen in this place.
 G = Mean time per level.
                   A        B        C        D        E       F      G
               +--------+--------+--------+--------+--------+-----+--------+
         Total |   4825 |   4668 |    157 |    390 |   3307 |   5 |  965.0 |
       Dungeon |   4825 |   4668 |    157 |    390 |   3307 |   5 |  965.0 |
               +--------+--------+--------+--------+--------+-----+--------+

Top non-repeatable levels by time:
     D:2: 1392 daAuts
     D:4: 1240 daAuts
     D:3: 1098 daAuts
     D:1: 1065 daAuts
     D:5: 30 daAuts
